 Dungeon Crawl Stone Soup version 0.30-a0-719-gcc4359ea44 (webtiles) character file.

Game seed: 7867902831865463709

49 boo the Poker (level 3, -2/28 HPs)
             Began as a Merfolk Gladiator on Jan 26, 2023.
             Slain by Robin
             ... wielding a +0 falchion
              (4 damage)
             ... on level 2 of the Dungeon.
             The game lasted 00:02:37 (890 turns).

boo the Poker (Merfolk Gladiator)                    Turns: 890, Time: 00:02:38

Health: -2/28      AC:  9    Str: 16    XL:     3   Next: 77%
Magic:  3/3        EV:  8    Int:  7    God:
Gold:   33         SH:  0    Dex: 15    Spells: 2/2 levels left

rFire   . . .      SeeInvis .    a - +0 trident
rCold   . . .      Faith    .    (no shield)
rNeg    . . .      Spirit   .    m - +0 chain mail
rPois   +          Reflect  .    c - +0 helmet
rElec   .          Harm     .    (no cloak)
rCorr   .          Rampage  .    (no gloves)
Will    .....                    (no boots) Stlth
                                 (no amulet)
HPRegen 0.24/turn                h - ring of poison resistance
MPRegen 0.08/turn                k - ring of wizardry

@: brilliant
A: (nimble swimmer 2), mertail
a: no special abilities


You were on level 2 of the Dungeon.
You visited 1 branch of the dungeon, and saw 2 of its levels.

You collected 33 gold pieces.

Inventory:

Hand Weapons
 a - a +0 trident (weapon)
Missiles
 d - 3 throwing nets (quivered)
 e - a javelin
Armour
 b - a +0 leather armour
 c - a +0 helmet (worn)
 m - a +0 chain mail (worn)
Jewellery
 h - a ring of poison resistance (left hand)
 k - a ring of wizardry (right hand)
Scrolls
 f - a scroll of enchant armour {unknown}
 j - a scroll of fear {unknown}
 o - a scroll of fog {unknown}
Potions
 i - a potion of brilliance
 l - a potion of attraction {unknown}
 n - a potion of degeneration {unknown}


   Skills:
 + Level 2.8 Fighting
 * Level 5.2 Polearms
 - Level 2.0 Throwing
 + Level 4.6 Dodging


You had 2 spell levels left.
You didn't know any spells.
Your spell library was empty.

Dungeon Overview and Level Annotations

Branches:
Dungeon (2/15)

Altars:

Annotations:
D:2 Robin


Innate Abilities, Weirdness & Mutations

((You are very nimble when in or above water. (Stealth+, EV+, Speed+++)))
Your lower body shifts to a powerful aquatic tail in water.


Message History

You barely miss Robin.
Robin is lightly wounded.
Robin barely misses you.
You hit Robin but do no damage.
Robin is lightly wounded.
Robin barely misses you.
It was a potion of brilliance.
You feel clever all of a sudden. Robin hits you with a +0 falchion.
* * * LOW HITPOINT WARNING * * *
It was a potion of curing.
You feel better. Robin barely misses you.
You completely miss Robin. Robin closely misses you.
You barely miss Robin. Robin hits you but does no damage.
You puncture Robin!
Robin is heavily wounded.
Robin closely misses you.
You hit Robin.
Robin is severely wounded.
Robin closely misses you.
You closely miss Robin.
Robin is severely wounded.
Robin hits you with a +0 falchion.
* * * LOW HITPOINT WARNING * * *
You hit Robin but do no damage.
Robin is severely wounded.
Robin hits you but does no damage.
You hit Robin.
Robin is severely wounded.
Robin closely misses you.
You hit Robin but do no damage.
Robin is severely wounded.
Robin barely misses you.
You hit Robin but do no damage.
Robin is severely wounded.
Robin hits you but does no damage. Robin hits you with a +0 falchion!
* * * LOW HITPOINT WARNING * * *
You hit Robin.
Robin is almost dead.
Robin hits you with a +0 falchion.
You die...

#g########
#g# #g#
#g# #.#
####.#
#....#
#g#### #@#
#.# #.#
#.# #.#
#[# #.#
#.# #.#


You could see Robin.

Vanquished Creatures
  An adder (D:2)
  A dart slug (D:1)
  2 endoplasms (D:1)
  A giant cockroach (D:1)
  4 hobgoblins
  2 jackals (D:1)
  A quokka (D:1)
  4 ball pythons (D:1)
  2 frilled lizards (D:1)
  9 goblins
  3 kobolds (D:1)
  6 rats (D:1)
36 creatures vanquished.

Vanquished Creatures (others)
  A giant cockroach (D:1)
  4 toadstools (D:1)
5 creatures vanquished.

Grand Total: 41 creatures vanquished

Notes
Turn   | Place    | Note
-------+----------+-------------------------------------------
     0 | D:1      | boo the Merfolk Gladiator began the quest for the Orb.
     0 | D:1      | Reached XP level 1. HP: 16/16 MP: 1/1
    73 | D:1      | Reached XP level 2. HP: 20/23 MP: 2/2
   387 | D:1      | Found a faded altar of an unknown god.
   401 | D:1      | Reached XP level 3. HP: 28/28 MP: 3/3
   820 | D:2      | Reached skill level 5 in Polearms
   830 | D:2      | Noticed Robin
   879 | D:2      | HP: 1/28 [Robin/+0 falchion (2)]
   890 | D:2      | Slain by Robin

Illustrated notes

Levels and vault maps discovered:
D:1:      ldierk_walled_garden_2, layout_basic, ebering_ecumenical_altar_webs,
          minmay_tripent
D:2:      layout_basic, serial_shops, nicolae_shop_statue_plus, uniq_robin,
          uniq_natasha

Skill      XL: |  1  2  3 |
---------------+----------+-----
Polearms       | 5 |  5.2
Fighting       | |  2.8
Throwing       | |  2.0
Dodging        | |  4.6

Action                     || total
---------------------------++-------
  Melee: Trident           ||   112
         Punch             ||     3
    Use: Potion            ||     2
   Stab: Sleeping          ||     1
 Armour: Leather armour    ||    10
         Chain mail        ||    26
  Dodge: Dodged            ||    56

Table legend: (Time is in decaauts)
 A = Elapsed time spent in this place.
 B = Non-inter-level travel time spent in this place.
 C = Inter-level travel time spent in this place.
 D = Time resting spent in this place.
 E = Time spent auto-exploring this place.
 F = Levels seen in this place.
 G = Mean time per level.
                   A        B        C        D        E       F      G
               +--------+--------+--------+--------+--------+-----+--------+
         Total |    893 |    878 |     15 |      8 |    614 |   2 |  446.5 |
       Dungeon |    893 |    878 |     15 |      8 |    614 |   2 |  446.5 |
               +--------+--------+--------+--------+--------+-----+--------+

Top non-repeatable levels by time:
     D:1: 778 daAuts
     D:2: 114 daAuts
